 Dungeon Sprint DCSS version 0.27-a0-1532-gca18f49f40 (webtiles) character file.

Game seed: 1643785616001545128

1 rocky1 the Chiller (level 1, 0/13 HPs)
             Began as a Mummy Ice Elementalist on July 13, 2021.
             Was an Initiate of Sif Muna.
             Slain by an adder (3 damage)
             ... in the Dungeon (Sprint VII: "The Pits").
             The game lasted 00:01:49 (88 turns).

rocky1 the Chiller (Mummy Ice Elementalist)           Turns: 88, Time: 00:01:49

Health: 0/13       AC:  2    Str: 11    XL:     1   Next: 16%
Magic:  1/4        EV: 12    Int: 14    God:    Sif Muna [......]
Gold:   0          SH:  0    Dex: 12    Spells: 4/5 levels left

rFire    x . .     SeeInvis .   c - +2 mace
rCold    + . .     Faith    .   (no shield)
rNeg     + + +     Spirit   .   a - +0 robe
rPois    ∞         Reflect  .   (no helmet)
rElec    .         Harm     .   (no cloak)
rCorr    .         Rampage  .   (no gloves)
Will     .....     NoTele   +   (no boots)
Stlth    ++........             (no amulet)
HPRegen  0.04/turn              (no ring)
MPRegen  0.09/turn              (no ring)

@: no status effects
A: cold resistance 1, negative energy resistance 3, torment resistance 2, heat
vulnerability 1, no potions
a: Renounce Religion


You were in the Dungeon.
You worshipped Sif Muna.
Sif Muna was noncommittal.
You visited 1 branch

Inventory:

Hand Weapons
 c - a +2 mace (weapon)
Armour
 a - a +0 robe (worn)
Scrolls
 b - a scroll of blinking
 d - 5 scrolls of amnesia
 e - a scroll of summoning


   Skills:
 + Level 1.6 Dodging
 + Level 1.6 Stealth
 + Level 2.7 Spellcasting
 + Level 3.6 Ice Magic


You had 4 spell levels left.
You knew the following spells:

 Your Spells              Type           Power      Damage    Failure   Level
a - Freeze                Ice            48%        1d7       4%          1

Your spell library contained the following spells:

 Spells                   Type           Power      Damage    Failure   Level
 Frozen Ramparts          Ice            24%        1d4       14%         3
 Ozocubu's Armour         Ice            12%        N/A       14%         3
 Hailstorm                Conj/Ice       7%         3d4       71%         4


Dungeon Overview and Level Annotations

Branches:
Dungeon (1/1)

Altars:
Ashenzari
Cheibriados
Dithmenos
Elyvilon
Fedhas
Gozag
Hepliaklqana
Kikubaaqudgha
Makhleb
Nemelex Xobeh
Okawaru
Qazlal
Ru
Sif Muna
Trog
Uskayaw
Vehumet
Wu Jian
Xom
Yredelemnul
Zin
The Shining One
Beogh
Jiyva
Lugonu


Innate Abilities, Weirdness & Mutations

You are immune to poison.
Your flesh is cold resistant. (rC+)
You are immune to negative energy. (rN+++)
You are immune to unholy pain and torment.
You are vulnerable to heat. (rF-)
You do not drink.


Message History

You don't know that spell.
The adder hisses angrily. x2
There is an open door here.
Casting: Freeze (safe; 4% risk of failure)
Confirm with . or Enter, or press ? or * to list all spells.
Aiming: Freeze (safe; 4% risk of failure)
Press: ? - help, Shift-Dir - straight line, f - adder
Aim: an adder You freeze the adder.
The adder is heavily wounded.
The adder seems to slow down.
The adder completely misses you.
Casting: Freeze (safe; 4% risk of failure)
Confirm with . or Enter, or press ? or * to list all spells.
Aiming: Freeze (safe; 4% risk of failure)
Press: ? - help, Shift-Dir - straight line, f/p - adder
Aim: an adder (heavily wounded, slow)
You freeze the adder.
The adder is severely wounded.
The adder bites you but does no damage. The adder misses you.
Casting: Freeze (safe; 4% risk of failure)
Confirm with . or Enter, or press ? or * to list all spells.
Aiming: Freeze (safe; 4% risk of failure)
Press: ? - help, Shift-Dir - straight line, f/p - adder
Aim: an adder (severely wounded, slow)
You freeze the adder.
The adder is severely wounded.
The adder seems to slow down.
The adder closely misses you. x2
Unknown command.
You barely miss the adder. The adder bites you.
You barely miss the adder.
The adder is severely wounded.
The adder completely misses you. The adder closely misses you.
The adder bites you.
You barely miss the adder.
The adder is severely wounded.
The adder bites you. x2
* * * LOW HITPOINT WARNING * * *
The adder closely misses you. The adder barely misses you. The adder bites you.
You die...

########### _________.#
_________.#
_______...###########++
##########'##...........
#.?(!')))'.##......#..#.
##########.##...........
#......S@...'...........
#+#####S#####......#..#.
#.....# #...........
#.....# ####'#####++
###+### #.......#
#.......# #.......#
#...<...# #.......#


You could see 2 adders.

Vanquished Creatures
  A hobgoblin (D)
1 creature vanquished.

Notes
Turn   | Place    | Note
-------+----------+-------------------------------------------
     0 | D        | rocky1 the Mummy Ice Elementalist began the quest for the
                  | Orb.
     0 | D        | Reached XP level 1. HP: 13/13 MP: 4/4
    46 | D        | Found a bloodstained altar of Trog.
    46 | D        | Found a shimmering blue altar of Sif Muna.
    46 | D        | Found a viscous altar of Jiyva.
    46 | D        | Found a hazy altar of Hepliaklqana.
    46 | D        | Found an opulent altar of Gozag.
    47 | D        | Found a basalt altar of Yredelemnul.
    47 | D        | Found a shimmering altar of Xom.
    47 | D        | Found an ornate altar of the Wu Jian Council.
    47 | D        | Found a sacrificial altar of Ru.
    47 | D        | Found a stormy altar of Qazlal.
    47 | D        | Found an iron altar of Okawaru.
    47 | D        | Found a sparkling altar of Nemelex Xobeh.
    47 | D        | Found a burning altar of Makhleb.
    47 | D        | Found a blossoming altar of Fedhas.
    47 | D        | Found a shadowy altar of Dithmenos.
    47 | D        | Found a snail-covered altar of Cheibriados.
    50 | D        | Found a corrupted altar of Lugonu.
    50 | D        | Found a radiant altar of Vehumet.
    51 | D        | Found an ancient bone altar of Kikubaaqudgha.
    51 | D        | Found a hide-covered altar of Uskayaw.
    51 | D        | Found a broken altar of Ashenzari.
    52 | D        | Became a worshipper of Sif Muna the Loreminder
    88 | D        | Slain by an adder

Illustrated notes

Levels and vault maps discovered:
D:        pitsprint [storerooms_1, entrance_room_1, metal_vault_3, armoury_1,
          mini_pit_1, grid_room_1, main_hall_1, silver_pit, the_coven_1,
          the_vestibule_1, steel_vault_3, golden_pit, hallway_of_sentries,
          crystal_vault_2, iron_vault_5, final_vault]

Action                   || total
-------------------------++-------
Melee: Mace              ||     3
       Unarmed           ||     1
 Cast: Freeze            ||     4
Armor: Robe              ||     1
Dodge: Dodged            ||     8

Table legend: (Time is in decaauts)
 A = Elapsed time spent in this place.
 B = Non-inter-level travel time spent in this place.
 C = Inter-level travel time spent in this place.
 D = Time resting spent in this place.
 E = Time spent auto-exploring this place.
 F = Levels seen in this place.
 G = Mean time per level.
                   A        B        C        D        E       F      G
               +--------+--------+--------+--------+--------+-----+--------+
         Total |     88 |     88 |      0 |      0 |      0 |   1 |   88.0 |
       Dungeon |     88 |     88 |      0 |      0 |      0 |   1 |   88.0 |
               +--------+--------+--------+--------+--------+-----+--------+

Top non-repeatable levels by time:
       D: 88 daAuts
